 Dungeon Crawl Stone Soup version 0.30-a0-218-gedb9141078 (webtiles) character file.

Game seed: 13549733596141983260

79 Decritt the Magician (level 4, -3/32 (34) HPs)
             Began as a Djinni Air Elementalist on Oct 5, 2022.
             Slain by Sigmund
             ... wielding a +5 vorpal scythe
              (10 damage)
             ... on level 3 of the Dungeon.
             The game lasted 00:04:41 (1784 turns).

Decritt the Magician (Djinni Air Elementalist)      Turns: 1784, Time: 00:04:42

HP:   -3/32 (34)    AC:  6    Str:  7    XL:     4   Next: 64%
Gold: 104           EV: 12    Int: 19    God:
                    SH:  0    Dex: 13

rFire   + + .      SeeInvis .    (no weapon)
rCold   x . .      Faith    .    (no shield)
rNeg    . . .      Spirit   .    a - +0 robe
rPois   ∞          Reflect  .    (no helmet)
rElec   .          Harm     .    (no cloak)
rCorr   .          Rampage  .    (no gloves)
Will    .....                    (boots unavailable)
Stlth   ++........               (no amulet)
HPRegen 0.25/turn                i - +4 ring of protection
MPRegen 0.00/turn                (no ring)

@: flying, drained
A: sickness immunity, fire resistance 2, cold vulnerability 1, float, innate
caster, HP casting, extra vitality 1
a: no special abilities


You were on level 3 of the Dungeon.
You visited 1 branch of the dungeon, and saw 3 of its levels.

You collected 104 gold pieces.

Inventory:

Armour
 a - a +0 robe (worn)
Jewellery
 i - a +4 ring of protection (left hand)
Scrolls
 b - a scroll of butterflies {unknown}
 c - a scroll of poison {unknown}
 e - a scroll of summoning {unknown}
 f - a scroll of vulnerability {unknown}
 g - a scroll of magic mapping {unknown}
 h - 3 scrolls of identify {unknown}
 n - 3 scrolls of enchant weapon {unknown}
Potions
 d - a potion of flight {unknown}
 j - a potion of resistance {unknown}
 k - a potion of mutation {unknown}
 l - a potion of heal wounds {unknown}
 m - a potion of degeneration {unknown}
 o - a potion of haste {unknown}


   Skills:
 + Level 2.6 Fighting
 - Level 2.1 Dodging
 - Level 1.5 Stealth
 + Level 3.2 Spellcasting


You couldn't memorise any spells.
You knew the following spells:

 Your Spells              Type           Power      Damage    Failure   Level
a - Shock                 Conj/Air       60%        1d6       3%          1
b - Airstrike             Air            7%         2d(2-18)  36%         4
c - Static Discharge      Conj/Air       30%        2-4/arc   6%          2
d - Kiss of Death         Conj/Necr      60%        2d10      3%          1
s - Swiftness             Air            15%        N/A       12%         3
Your spell library was empty.

Dungeon Overview and Level Annotations

Branches:
Dungeon (3/15)

Altars:

Annotations:
D:3 Sigmund


Innate Abilities, Weirdness & Mutations

You are immune to sickness and miasma.
You are immune to poison.
Your flesh is very heat resistant. (rF++)
You are vulnerable to cold. (rC-)
You float through the air rather than walking.
You learn spells naturally, not from books.
Your magical power is your life essence.
You have superior vitality. (+4 MHP)


Message History

There is a stone staircase leading up here.
There are monsters nearby!
Casting: Shock (safe; 4% risk of failure)
Confirm with . or Enter, or press ? or * to list all spells.
Sigmund is struck by an arc of lightning.
Sigmund shouts!
Sigmund is lightly wounded.
You are struck by an arc of lightning.
Sigmund is struck by an arc of lightning.
Sigmund is moderately wounded.
The lightning grounds out.
Sigmund hits you with a +5 vorpal scythe!
* * * LOW HITPOINT WARNING * * *
Casting: Static Discharge (safe; 6% risk of failure)
Confirm with . or Enter, or press ? or * to list all spells.
The bat is struck by an arc of lightning.
The bat is severely wounded.
You are struck by an arc of lightning.
* * * LOW HITPOINT WARNING * * *
The lightning grounds out.
Sigmund is struck by an arc of lightning.
Sigmund is heavily wounded.
You are struck by an arc of lightning.
* * * LOW HITPOINT WARNING * * *
The bat is struck by an arc of lightning.
You kill the bat!
The lightning grounds out.
* * * LOW HITPOINT WARNING * * *
Casting: Static Discharge (safe; 6% risk of failure)
Confirm with . or Enter, or press ? or * to list all spells.
Sigmund is struck by an arc of lightning.
Sigmund is heavily wounded.
You are struck by an arc of lightning.
* * * LOW HITPOINT WARNING * * *
Sigmund is struck by an arc of lightning.
Sigmund is severely wounded.
The lightning grounds out.
* * * LOW HITPOINT WARNING * * *
Sigmund hits you with a +5 vorpal scythe!
You die...

. ..
########...
#..........
#...@....#
#..@†.?..#
#........#
#.......##
.........#
.....######
#.....
#.....
######


You could see Sigmund.

Vanquished Creatures
  3 adders (D:2)
  2 worms (D:2)
  A dart slug (D:1)
  3 endoplasms
  2 giant cockroaches (D:1)
  3 hobgoblins
  10 jackals
  A quokka (D:1)
  3 ball pythons
  3 bats
  A frilled lizard (D:1)
  4 goblins (D:1)
  5 kobolds
  4 rats
45 creatures vanquished.

Notes
Turn   | Place    | Note
-------+----------+-------------------------------------------
     0 | D:1      | Decritt the Djinni Air Elementalist began the quest for the
                  | Orb.
     0 | D:1      | Decritt set off with the following spells memorised: Shock,
                  | Static Discharge, Swiftness, Airstrike.
     0 | D:1      | Reached XP level 1. HP: 15/15 MP: 0/0
   143 | D:1      | Reached skill level 1 in Fighting
   143 | D:1      | Reached XP level 2. HP: 19/22 MP: 0/0
   295 | D:1      | Found a faded altar of an unknown god.
   305 | D:1      | Reached XP level 3. HP: 21/27 MP: 0/0
   305 | D:1      | Learned a level 1 spell: Kiss of Death
   924 | D:2      | Reached skill level 3 in Spellcasting
  1034 | D:2      | Reached XP level 4. HP: 26/29 MP: 0/0
  1781 | D:3      | Noticed Sigmund
  1784 | D:3      | Slain by Sigmund

Illustrated notes

Levels and vault maps discovered:
D:1:      dpeg_arrival_oval, layout_loops_ring,
          hellmonk_ecumenical_altar_pennies_from_heaven, solitary_fountain
D:2:      wander_river, layout_basic, serial_bayou_pond_d,
          kennysheep_generic_room_13
D:3:      layout_basic, serial_curves, eino_curves_03, eino_curves_02,
          uniq_sigmund, uniq_terence, uniq_crazy_yiuf_cottage

Skill      XL: |  1  2  3 |
---------------+----------+-----
Fighting       | 1 2 |  2.6
Spellcasting   | 3 |  3.2
Dodging        | |  2.1
Stealth        | |  1.5

Action                   |  1- 3 |  4- 6 || total
-------------------------+-------+-------++-------
 Cast: Shock             |    60 |    46 ||   106
       Static Discharge  |     2 |     3 ||     5
       Kiss of Death     |     1 |       ||     1
Armor: Robe              |     6 |     2 ||     8
Dodge: Dodged            |    13 |     6 ||    19

Table legend: (Time is in decaauts)
 A = Elapsed time spent in this place.
 B = Non-inter-level travel time spent in this place.
 C = Inter-level travel time spent in this place.
 D = Time resting spent in this place.
 E = Time spent auto-exploring this place.
 F = Levels seen in this place.
 G = Mean time per level.
                   A        B        C        D        E       F      G
               +--------+--------+--------+--------+--------+-----+--------+
         Total |   1783 |   1760 |     23 |    142 |   1404 |   3 |  594.3 |
       Dungeon |   1783 |   1760 |     23 |    142 |   1404 |   3 |  594.3 |
               +--------+--------+--------+--------+--------+-----+--------+

Top non-repeatable levels by time:
     D:2: 961 daAuts
     D:1: 818 daAuts
     D:3: 2 daAuts
